 Dungeon Crawl Stone Soup version 0.30-a0-23-ge60ba3568b (webtiles) character file.

Game seed: 14595483060124701523

173 ytrimaz the Insei (level 5, 0/40 (41) HPs)
             Began as a Demonspawn Monk on Aug 24, 2022.
             Slain by a wight
             ... wielding a +4 long sword
              (1 damage)
             ... on level 4 of the Dungeon.
             The game lasted 00:03:03 (3477 turns).

ytrimaz the Insei (Demonspawn Monk)                 Turns: 3477, Time: 00:03:03

HP:   0/40 (41)     AC: 19    Str: 12    XL:     5   Next: 28%
MP:   7/7           EV:  3    Int: 13    God:
Gold: 139           SH:  0    Dex: 15    Spells: 7/7 levels left

rFire   . . .      SeeInvis .      - Unarmed
rCold   . . .      Faith    .    (no shield)
rNeg    . . .      Spirit   .    e - +0 plate armour
rPois   .          Reflect  .    (helmet restricted)
rElec   .          Harm     .    (no cloak)
rCorr   .          Rampage  .    (no gloves)
Will    .....                    (no boots)
Stlth   ..........               (no amulet)
HPRegen 0.13/turn                (no ring)
MPRegen 0.10/turn                (no ring)

@: mighty, sanguine armoured, lightly drained
A: antennae 1, sanguine armour 2, demonic magic 1
a: no special abilities


You were on level 4 of the Dungeon.
You visited 1 branch of the dungeon, and saw 4 of its levels.

You collected 139 gold pieces.

Inventory:

Armour
 a - a +1 robe
 e - a +0 plate armour (worn)
Scrolls
 c - 5 scrolls of teleportation
 f - 2 scrolls of amnesia
 h - 4 scrolls of identify


   Skills:
 - Level 3.2 Fighting
 - Level 2.9 Dodging
 - Level 1.7 Stealth
 + Level 4.8 Unarmed Combat
 * Level 1.8 Spellcasting


You had 7 spell levels left.
You didn't know any spells.
Your spell library contained the following spells:

 Spells                   Type           Power      Damage    Failure   Level
 Sandblast                Erth           2%         2d4       100%        1
 Passwall                 Tmut/Erth      0%         N/A       100%        2
 Ignite Poison            Fire/Tmut/Pois 1%         N/A       100%        3
 Mephitic Cloud           Conj/Pois/Air  1%         N/A       100%        3
 Stone Arrow              Conj/Erth      2%         3d7       100%        3
 Freezing Cloud           Conj/Ice/Air   0%         6-21      100%        5


Dungeon Overview and Level Annotations

Branches:
Dungeon (4/15)
 Temple: D:4-7

Altars:
Trog


Innate Abilities, Weirdness & Mutations

You have a pair of small antennae on your head.
When seriously injured, your blood forms thick armour. (AC +9)
Spells you cast may paralyse adjacent enemies.


Message History

You hit the wight.
The wight is moderately damaged.
The wight hits you but does no damage.
You closely miss the wight.
The wight is moderately damaged.
The wight hits you with a +3 falchion!
You feel drained.
You hit the wight but do no damage.
The wight is moderately damaged.
The wight hits you but does no damage.
Unknown command.
You are too injured to fight recklessly!
You hit the wight but do no damage.
The wight is moderately damaged.
The wight hits you but does no damage.
Unknown command.
You feel very mighty all of a sudden. The wight hits you with a +3 falchion!
* * * LOW HITPOINT WARNING * * *
You feel drained.
* * * LOW HITPOINT WARNING * * *
Unknown command.
Unknown command.
You aren't carrying any potions.
Okay, then.
You punch the wight!
You destroy the wight!
You have reached level 5!
Your demonic ancestry asserts itself...
A pair of antennae grows on your head!
You barely miss the wight. The wight hits you but does no damage.
You closely miss the wight.
The wight hits you with a +4 long sword.
* * * LOW HITPOINT WARNING * * *
Unknown command.
You closely miss the wight. The wight completely misses you.
Unknown command.
You hit the wight.
The wight is moderately damaged.
The wight hits you with a +4 long sword.
You die...

##... #.##.#....##.# #..
#............## #.
.#########.###....>.. #.
.....................
^.........#...#......
.........###..#...... .
........## ##.##.....
#...#####...###..##.....
#..zgzz@J....#...##.....
#...#######.....########
# ###.### #.# #.# #..
#.. #..< #...


You could see 3 wights, an endoplasm and a hobgoblin.

Vanquished Creatures
  A wight (D:4)
  A jelly (D:2)
  Robin (D:3)
  An adder (D:3)
  An adder zombie (D:2)
  A worm (D:3)
  3 bats
  3 endoplasms
  3 giant cockroaches
  11 goblins
  12 hobgoblins
  2 jackals (D:3)
  A kobold (D:1)
  3 quokkas (D:2)
  7 ball pythons
  8 frilled lizards
  5 rats
64 creatures vanquished.

Vanquished Creatures (others)
  A withered plant (D:2)
1 creature vanquished.

Grand Total: 65 creatures vanquished

Notes
Turn   | Place    | Note
-------+----------+-------------------------------------------
     0 | D:1      | ytrimaz the Demonspawn Monk began the quest for the Orb.
     0 | D:1      | Reached XP level 1. HP: 18/18 MP: 1/1
     7 | D:1      | Found a faded altar of an unknown god.
   386 | D:1      | Gained mutation: When seriously injured, your blood forms
                  | armour. (AC +9) [demonic ancestry]
   386 | D:1      | Reached XP level 2. HP: 24/24 MP: 2/2
   657 | D:1      | Reached skill level 3 in Unarmed Combat
  1061 | D:2      | Gained mutation: When seriously injured, your blood forms
                  | thick armour. (AC +9) [demonic ancestry]
  1061 | D:2      | Reached XP level 3. HP: 20/29 MP: 2/4
  1736 | D:2      | Reached skill level 1 in Spellcasting
  1736 | D:2      | Gained mutation: Spells you cast may paralyse adjacent
                  | enemies. [demonic ancestry]
  1736 | D:2      | Reached XP level 4. HP: 10/35 MP: 5/5
  2290 | D:3      | Reached skill level 4 in Unarmed Combat
  2497 | D:3      | Found a large runed translucent door.
  2497 | D:3      | Found a large runed translucent door.
  2740 | D:3      | Noticed Robin
  2770 | D:3      | Killed Robin
  3271 | D:3      | Found a bloodstained altar of Trog.
  3472 | D:4      | HP: 1/30 [wight/+3 falchion (3)]
  3474 | D:4      | Gained mutation: You have a pair of small antennae on your
                  | head. [demonic ancestry]
  3474 | D:4      | Reached XP level 5. HP: 1/40 MP: 7/7
  3477 | D:4      | Slain by a wight

Illustrated notes

Levels and vault maps discovered:
D:1:      roderic_chinese_lattice_arrival, layout_rooms, serial_curves,
          eino_curves_01, eino_curves_03, basic_ecumenical_altar,
          roderic_serpentine_path
D:2:      layout_loops_ring, serial_undead, serial_undead_f, serial_undead_c,
          serial_undead_c, serial_undead_c
D:3:      layout_basic, jmf_multi_god_temple2, serial_rivers,
          chequers_serial_rivers_micro_b, chequers_serial_rivers_micro_c,
          chequers_serial_rivers_micro_e, chequers_serial_rivers_room_b,
          chequers_serial_rivers_small_3, uniq_robin
D:4:      layout_loops_cross, amethyst_overflow_temple_binary, uniq_sigmund

Skill      XL: |  1  2  3  4 |
---------------+-------------+-----
Unarmed Combat | 3 4 |  4.8
Spellcasting   | 1 |  1.8
Fighting       | |  3.2
Dodging        | |  2.9
Stealth        | |  1.7

Action                   |  1- 3 |  4- 6 || total
-------------------------+-------+-------++-------
Melee: Unarmed           |   118 |   100 ||   218
       Punch             |     4 |     5 ||     9
  Use: Scroll            |     1 |     4 ||     5
       Potion            |       |     5 ||     5
 Stab: Sleeping          |     6 |       ||     6
Armor: Robe              |    23 |     8 ||    31
       Plate armour      |       |    48 ||    48
Dodge: Dodged            |    86 |    33 ||   119

Table legend: (Time is in decaauts)
 A = Elapsed time spent in this place.
 B = Non-inter-level travel time spent in this place.
 C = Inter-level travel time spent in this place.
 D = Time resting spent in this place.
 E = Time spent auto-exploring this place.
 F = Levels seen in this place.
 G = Mean time per level.
                   A        B        C        D        E       F      G
               +--------+--------+--------+--------+--------+-----+--------+
         Total |   3449 |   3336 |    113 |      0 |   2876 |   4 |  862.2 |
       Dungeon |   3449 |   3336 |    113 |      0 |   2876 |   4 |  862.2 |
               +--------+--------+--------+--------+--------+-----+--------+

Top non-repeatable levels by time:
     D:2: 1215 daAuts
     D:3: 1048 daAuts
     D:1: 1031 daAuts
     D:4: 153 daAuts
